Map: Catalyst LE

Players

Karma

  • Race: Protoss Protoss
  • League: Gold
  • Spawn Location: 5:00

ILIEKEGGPIE - Winner!

  • Race: Protoss Protoss
  • League: Platinum
  • Spawn Location: 11:00

VOD

Have the link to the VOD?

Description

Time

  • Played on: April 12, 2018, 12:11 a.m.
  • Length: 9:27
Show
View Real Time Build Order
Export as new Build Order

Karma Protoss 

Build Orders: Blink Stalkers 

Get SALT Encoding   

  12  0:01  Probe  
  13  0:14  Pylon  
  13  0:19  Probe  
  14  0:31  Probe  
  15  0:37  Gateway  
  15  0:43  Probe  
  15  0:46  Assimilator  
  16  0:52  Assimilator  
  16  0:57  Probe (Chrono Boost)  
  17  1:08  Probe (Chrono Boost)  
  18  1:12  Probe (Chrono Boost)  
  19  1:23  Probe  
  20  1:26  Cybernetics Core  
  20  1:37  Gateway  
  20  1:45  Pylon  
  20  1:57  Warp Gate (Chrono Boost)  
  20  2:01  Pylon  
  20  2:10  Gateway  
  20  2:16  Gateway  
  20  2:21  Probe  
  21  2:30  Stalker  
  23  2:50  Twilight Council  
  23  3:08  Nexus  
  23  3:16  Stalker  
  25  3:27  Pylon  
  25  3:32  Blink  
  25  3:48  Forge  
  25  3:59  Probe  
  26  4:07  Stalker  
  26  4:08  Stalker  
  30  4:11  Probe  
  31  4:21  Stalker  
  24  4:37  Probe (Chrono Boost)  
  23  4:48  Probe (Chrono Boost)  
  24  4:52  Probe (Chrono Boost)  
  25  5:06  Probe (Chrono Boost)  
  26  5:08  Probe (Chrono Boost)  
  27  5:19  Protoss Ground Weapons Level 1 (Chrono Boost), Probe (Chrono Boost)  
  27  5:21  Probe (Chrono Boost)  
  29  5:24  Probe (Chrono Boost)  
  29  5:28  Probe  
  31  5:31  Stalker  
  33  5:45  Probe (Chrono Boost)  
  34  5:56  Probe (Chrono Boost)  
  35  6:00  Stalker x2  
  35  6:01  Probe (Chrono Boost)  
  40  6:12  Probe  
  40  6:16  Stalker  
  40  6:17  Stalker  
  45  6:24  Probe  
  45  6:47  Stalker x2  
  45  6:48  Stalker x2  
  53  6:57  Probe (Chrono Boost)  
  53  7:00  Probe (Chrono Boost)  
  55  7:07  Probe (Chrono Boost)  
  56  7:12  Probe (Chrono Boost)  
  57  7:21  Stalker x2  
  55  7:44  Stalker  
  55  7:45  Stalker x2  
  61  7:59  Pylon  
  61  8:01  Pylon  
  61  8:04  Pylon  
  61  8:06  Pylon  
  61  8:09  Pylon  
  55  8:34  Stalker  
  55  8:35  Stalker x2  
  55  8:36  Stalker  
  63  8:47  Probe  
  64  8:53  Gateway  
  64  8:55  Gateway  
  64  8:58  Gateway  
  64  8:59  Probe  
  63  9:11  Probe  
Show
View Real Time Build Order
Export as new Build Order

ILIEKEGGPIE Protoss - Winner!

Build Orders: Oracle Opening 

Get SALT Encoding   

  12  0:01  Probe  
  13  0:13  Probe  
  14  0:18  Pylon  
  14  0:25  Probe (Chrono Boost)  
  15  0:37  Probe (Chrono Boost)  
  15  0:41  Gateway  
  16  0:46  Probe (Chrono Boost)  
  17  0:52  Assimilator  
  17  0:56  Probe  
  18  1:08  Gateway, Probe  
  19  1:20  Probe  
  19  1:22  Pylon  
  20  1:32  Probe  
  21  1:37  Cybernetics Core  
  21  1:47  Assimilator  
  21  1:52  Probe  
  22  2:12  Nexus  
  22  2:22  Stargate  
  22  2:30  Warp Gate  
  22  2:31  Adept  
  22  2:35  Adept  
  26  2:59  Probe, Pylon  
  27  3:08  Sentry  
  27  3:12  Probe  
  30  3:18  Oracle (Chrono Boost)  
  33  3:28  Probe (Chrono Boost)  
  33  3:33  Probe (Chrono Boost)  
  35  3:34  Gateway  
  35  3:35  Gateway  
  35  3:38  Probe (Chrono Boost)  
  37  3:42  Probe (Chrono Boost)  
  37  3:44  Probe (Chrono Boost)  
  38  3:52  Probe (Chrono Boost)  
  39  4:01  Robotics Facility  
  39  4:05  Stalker (Chrono Boost)  
  43  4:11  Probe  
  43  4:12  Probe  
  43  4:14  Stalker (Chrono Boost)  
  42  4:41  Probe (Chrono Boost)  
  42  4:43  Void Ray  
  48  4:46  Probe (Chrono Boost)  
  48  4:50  Observer  
  48  4:51  Stalker  
  51  4:52  Probe (Chrono Boost)  
  51  4:54  Probe (Chrono Boost)  
  51  4:56  Assimilator  
  53  5:05  Pylon, Probe  
  54  5:07  Pylon  
  54  5:23  Probe x2  
  54  5:25  Pylon  
  56  5:29  Assimilator, Pylon  
  57  5:38  Probe (Chrono Boost)  
  57  5:41  Probe (Chrono Boost)  
  58  5:44  Immortal  
  58  5:47  Stalker x3  
  69  5:51  Probe (Chrono Boost)  
  69  5:54  Void Ray (Chrono Boost)  
  69  5:55  Pylon  
  69  5:58  Pylon  
  73  6:23  Probe (Chrono Boost)  
  75  6:29  Probe (Chrono Boost)  
  75  6:31  Stalker x3  
  75  6:32  Stalker  
  83  6:37  Probe (Chrono Boost)  
  84  6:49  Immortal (Chrono Boost)  
  84  6:58  Gateway  
  84  6:59  Gateway  
  84  7:05  Void Ray  
  86  7:17  Stalker x2  
  86  7:22  Probe x2  
  92  7:34  Probe x2  
  92  7:42  Stalker  
  92  7:43  Stalker x3  
  100  7:53  Pylon  
  100  7:56  Pylon  
  100  8:07  Gateway  
  100  8:10  Gateway  
  100  8:11  Gateway, Immortal  
  104  8:34  Pylon  
  104  8:43  Pylon  
  104  8:44  Nexus, Pylon  
  104  8:46  Pylon  
  104  8:47  Pylon  
  104  8:51  Gateway  
  104  8:55  Gateway  
Tags
 
Composition
Blink Stalkers
Matchup
PvP
Replay Pack
Multi
Spawn Locations
Cross Positions
Add a new tag
Caveats
  • Supply blocks, unpowered buildings, or Contaminate may cause inaccurate times.
  • Supply counts are checked every 10 seconds.